 Dungeon Crawl Stone Soup version 0.30.1-11-g7821555f0a (webtiles) character file.

Game seed: 6364668169765551850

84 rainze the Cudgeller (level 4, -1/41 (45) HPs)
             Began as a Troll Berserker on Dec 18, 2023.
             Was a Follower of Trog.
             Killed from afar by an orc wizard (8 damage)
             ... with a magic dart
             ... on level 3 of the Dungeon.
             The game lasted 00:25:13 (1455 turns).

rainze the Cudgeller (Troll Berserker)              Turns: 1455, Time: 00:25:14

HP:   -1/41 (45)    AC:  2    Str: 27    XL:     4   Next: 24%
MP:   3/3           EV: 10    Int:  3    God:    Trog [*.....]
Gold: 45            SH:  0    Dex:  9    Spells: 3/3 levels left

rFire   . . .        c - +2 short sword (drain) {Shanki Ganki}
rCold   . . .        (no shield)
rNeg    . . .        (body armour restricted)
rPois   .            (helmet restricted)
rElec   .            (no cloak)
rCorr   .            (gloves unavailable)
SInv    .            (boots unavailable)
Will    .....        (no amulet)
Stlth   +            (no ring)
HPRegen 1.06/turn    (no ring)
MPRegen 0.08/turn

%: no passive effects
@: on berserk cooldown, slowed, drained, very slow
A: large, unfitting armour, claws 3, regeneration 1, shaggy fur 1, tough skin 1
a: Renounce Religion, Berserk


You were on level 3 of the Dungeon.
You worshipped Trog.
Trog was aware of your devotion.
You visited 1 branch of the dungeon, and saw 3 of its levels.

You collected 45 gold pieces.

Inventory:

Hand Weapons
 a - a +0 mace
 c - a +2 short sword of draining (weapon) {Shanki Ganki}
 f - a +0 club
 g - a +0 spear
 i - a +0 dagger
Missiles
 d - 13 stones
 l - 2 poisoned darts
Armour
 b - a +0 animal skin
 e - a +0 helmet
 k - a +1 robe of fire resistance
Scrolls
 j - 2 scrolls of enchant armour {unknown}
Potions
 h - a potion of flight (quivered) {unknown}


   Skills:
 + Level 3.0 Fighting
 + Level 0.1 Short Blades
 + Level 3.4 Maces & Flails
 + Level 3.2 Dodging


You had 3 spell levels left.
You didn't know any spells.
Your spell library was empty.

Dungeon Overview and Level Annotations

Branches:
Dungeon (3/15)

Altars:


Innate Abilities, Weirdness & Mutations

You are too large for most types of armour.
You have claws for hands.
Your natural rate of healing is unusually fast.
You are covered in fur. (AC +1)
You have tough skin. (AC +1)


Message History

The orc closely misses you.
You continue taking off your +0 animal skin.
The orc closely misses you. The orc hits you but does no damage.
The orc closely misses you. The orc wizard casts a spell at you.
The puff of flame hits you! The orc hits you but does no damage.
You finish taking off your +0 animal skin.
You hit the orc wizard. You drain the orc wizard.
The orc wizard is severely wounded.
The orc barely misses you. The orc closely misses you.
The orc barely misses you.
The orc wizard hits you with a +0 dagger.
The orc closely misses you. The orc attacks as you move away!
The orc hits you with a +0 club.
* * * LOW HITPOINT WARNING * * *
The orc attacks as you move away! The orc hits you but does no damage.
The orc hits you with a +0 club.
* * * LOW HITPOINT WARNING * * *
The orc closely misses you. The orc wizard barely misses you.
A red film seems to cover your vision as you go berserk!
You feel yourself moving faster!
You feel mighty! The orc closely misses you.
The orc hits you but does no damage. The orc barely misses you.
The orc wizard points at you and mumbles some strange words.
The puff of flame hits you!
* * * LOW HITPOINT WARNING * * *
The orc hits you with a +0 club.
* * * LOW HITPOINT WARNING * * *
Welcome back, rainze the Troll Berserker.
Trog says: Kill them all!
Press ? for a list of commands and other information.
You feel a strong urge to attack something.
You feel your anger nearly subside.
You are no longer berserk.
You are exhausted.
You feel yourself slow down.
The orc wizard attacks as you move away!
The orc wizard hits you but does no damage.
The orc wizard gestures at you while chanting.
The magic dart hits you!
You die...

...##.#####+#** #.*
..###.#..,,,* #.*
#...#.#.#**** #.############
###...#.# #............#
##..#.# #.......†....# ##†#.#
#............# #...#
#...........##
#.#.############...........#
#.#......oo.@..............#
#.#.##...oo................#
#.#.##...o.................#
#.#..'.................†...#
#.####...................<.##
#....#......................#
#
##...#......................#
#
#...#............#.......#.#
#
###.#............#########.#


You could see an orc wizard (very drained) and 4 orcs.

Vanquished Creatures
  5 adders
  3 worms
  5 endoplasms
  3 giant cockroaches
  A goblin (D:3)
  3 hobgoblins
  2 kobolds
  3 quokkas
  2 ball pythons
  2 bats
  A frilled lizard (D:2)
30 creatures vanquished.

Notes
Turn   | Place    | Note
-------+----------+-------------------------------------------
     0 | D:1      | rainze the Troll Berserker began the quest for the Orb.
     0 | D:1      | Reached XP level 1. HP: 22/22 MP: 0/0
   331 | D:1      | Reached XP level 2. HP: 29/29 MP: 1/1
   732 | D:3      | Reached XP level 3. HP: 27/36 MP: 2/2
   990 | D:3      | Reached XP level 4. HP: 39/39 MP: 3/3
  1270 | D:3      | Found a faded altar of an unknown god.
  1455 | D:3      | Killed from afar by an orc wizard

Illustrated notes

Levels and vault maps discovered:
D:1:      nzn_arrival_settlement, layout_basic
D:2:      layout_basic, uniq_crazy_yiuf_cottage
D:3:      layout_basic, hellmonk_ecumenical_altar_inner_sanctum

Skill      XL: |  1  2  3 |
---------------+----------+-----
Maces & Flails | 3 |  3.4
Dodging        | 3 |  3.2
Fighting       | 3 |  3.0
Short Blades   | |  0.1

Action                     |  1- 3 |  4- 6 || total
---------------------------+-------+-------++-------
  Melee: Mace              |    69 |       ||    69
         Short sword       |    32 |    21 ||    53
         Punch             |       |     1 ||     1
 Invoke: Berserk           |     1 |     1 ||     2
    Use: Scroll            |     3 |       ||     3
         Potion            |     1 |       ||     1
 Armour: Animal skin       |    68 |    14 ||    82
         Skin              |       |     3 ||     3
  Dodge: Dodged            |    93 |    35 ||   128
